 Dungeon Crawl Stone Soup version 0.28.0-53-g5a82cb258f (webtiles) character file.

Game seed: 827386219249019701

17 Sin92 the Skirmisher (level 2, 0/24 HPs)
             Began as a Demonspawn Fighter on June 29, 2022.
             Slain by a gnoll
             ... wielding a +0 spear
              (7 damage)
             ... on level 1 of the Dungeon.
             The game lasted 00:00:18 (293 turns).

Sin92 the Skirmisher (Demonspawn Fighter)            Turns: 293, Time: 00:00:19

Health: 0/24       AC:  6    Str: 16    XL:     2   Next: 44%
Magic:  2/2        EV:  8    Int:  9    God:
Gold:   0          SH:  4    Dex: 12    Spells: 1/1 levels left

rFire   . . .      SeeInvis .   a - +0 war axe
rCold   . . .      Faith    .   c - +0 buckler
rNeg    . . .      Spirit   .   b - +0 scale mail
rPois   .          Reflect  .   (no helmet)
rElec   .          Harm     .   (no cloak)
rCorr   .          Rampage  .   (no gloves)
Will    .....                   (no boots)
Stlth   ..........              (no amulet)
HPRegen 0.08/turn               (no ring)
MPRegen 0.08/turn               (no ring)

@: no status effects
A: demonic magic 1
a: no special abilities


You were on level 1 of the Dungeon.
You visited 1 branch of the dungeon, and saw 1 of its levels.

Inventory:

Hand Weapons
 a - a +0 war axe (weapon)
Armour
 b - a +0 scale mail (worn)
 c - a +0 buckler (worn)
Scrolls
 e - 2 scrolls of summoning {unknown}
Potions
 d - a potion of might


   Skills:
 + Level 3.1 Fighting
 * Level 2.2 Axes
 + Level 2.8 Armour
 + Level 2.8 Shields


You had one spell level left.
You didn't know any spells.
Your spell library was empty.

Dungeon Overview and Level Annotations

Branches:
Dungeon (1/15)

Altars:


Innate Abilities, Weirdness & Mutations

Spells you cast may paralyse adjacent enemies.


Message History

You kill the ball python!
The gnoll hits you from afar with a +0 spear.
There are monsters nearby!
The gnoll hits you with a +0 spear.
The hobgoblin hits you but does no damage.
You see here a giant cockroach corpse.
Unknown command.
There are monsters nearby!
You hit the gnoll.
The gnoll is moderately wounded.
You closely miss the hobgoblin. The gnoll hits you with a +0 spear.
The hobgoblin closely misses you. The gnoll hits you with a +0 spear!
Unknown command.
There are monsters nearby!
Unknown command.
You are too injured to fight recklessly!
You are too injured to fight recklessly!
Unknown command.
There are monsters nearby!
You are too injured to fight recklessly!
Unknown command.
There are monsters nearby!
You hit the gnoll but do no damage.
The gnoll is moderately wounded.
You barely miss the hobgoblin. The hobgoblin barely misses you.
The gnoll hits you with a +0 spear.
Unknown command.
You hit the gnoll but do no damage.
The gnoll is moderately wounded.
You hit the hobgoblin. The hobgoblin hits you.
* * * LOW HITPOINT WARNING * * *
The gnoll misses you.
The hobgoblin hits you but does no damage.
Unknown command.
You hit the gnoll.
The gnoll is severely wounded.
You hit the hobgoblin.
You kill the hobgoblin!
The gnoll hits you with a +0 spear!
You die...

##.#####.##
##†#.....#.##
###..≈..[..≈..#####
...#≈.≈...≈.≈#....#
..#..≈†≈.≈.≈..#...#
..#...≈.≈.≈...#...#
..#...≈≈.≈≈...#...# ###
..#...≈≈_≈≈...#...#.....
..#..≈.≈≈≈.≈..#.@.......
...#≈≈≈≈.≈≈≈≈#.g†.......
....#..≈.≈..#...........
####.# #........#... ..#
#.........#### ..
...........#
###.....$..# #........#


You could see a gnoll.

Vanquished Creatures
  2 ball pythons (D:1)
  An endoplasm (D:1)
  2 giant cockroaches (D:1)
  2 hobgoblins (D:1)
  4 jackals (D:1)
  2 bats (D:1)
  A frilled lizard (D:1)
  A goblin (D:1)
  2 rats (D:1)
17 creatures vanquished.

Notes
Turn   | Place    | Note
-------+----------+-------------------------------------------
     0 | D:1      | Sin92 the Demonspawn Fighter began the quest for the Orb.
     0 | D:1      | Reached XP level 1. HP: 18/18 MP: 1/1
    89 | D:1      | Gained mutation: Spells you cast may paralyse adjacent
                  | enemies. [demonic ancestry]
    89 | D:1      | Reached XP level 2. HP: 24/24 MP: 2/2
   231 | D:1      | Found a faded altar of an unknown god.
   293 | D:1      | Slain by a gnoll

Illustrated notes

Levels and vault maps discovered:
D:1:      minmay_arrival_doors, layout_basic,
          shapermc_ecumenical_altar_starsandcircs

Skill      XL: |  1 |
---------------+----+-----
Axes           | 2 |  2.2
Fighting       | |  3.1
Armour         | |  2.8
Shields        | |  2.8

Action                   || total
-------------------------++-------
Melee: War axe           ||    40
Armor: Scale mail        ||    20
Dodge: Dodged            ||    27
Block: Buckler           ||    12
